 Dungeon Crawl Stone Soup version 0.28-a0-779-g3d1f99b579 (webtiles) character file.

Game seed: 800755030867154492

725 kae the Cleaver (level 7, -16/62 HPs)
             Began as a Hill Orc Cinder Acolyte on Nov 2, 2021.
             Was a High Priest of Ignis.
             Demolished by an ogre (24 damage)
             ... on level 5 of the Dungeon.
             The game lasted 00:03:36 (6640 turns).

kae the Cleaver (Hill Orc Cinder Acolyte)           Turns: 6640, Time: 00:03:36

Health: -16/62     AC:  5    Str: 19    XL:     7   Next: 72%
Magic:  3/11       EV: 11    Int: 14    God:    Ignis [*****.]
Gold:   255        SH:  0    Dex:  6    Spells: 9/11 levels left

rFire   + . .      SeeInvis .   a - -1 hand axe (flame)
rCold   . . .      Faith    .   (no shield)
rNeg    . . .      Spirit   .   c - +0 steam dragon scales
rPois   .          Reflect  .   (no helmet)
rElec   .          Harm     .   (no cloak)
rCorr   .          Rampage  .   (no gloves)
Will    .....                   (no boots)
Stlth   +.........              (no amulet)
HPRegen 0.20/turn               (no ring)
MPRegen 0.12/turn               (no ring)

@: very slightly contaminated
A: no striking features
a: Renounce Religion, Sea of Fire, Foxfire Swarm, Rising Flame


You were on level 5 of the Dungeon.
You worshipped Ignis.
Ignis was extremely pleased with you.
You visited 1 branch of the dungeon, and saw 5 of its levels.

You collected 255 gold pieces.

Inventory:

Hand Weapons
 a - a -1 hand axe of flaming (weapon)
 k - a +0 hand axe
Armour
 b - a +0 robe
 c - +0 steam dragon scales (worn)
Jewellery
 h - a +6 ring of intelligence
Wands
 l - a wand of flame (12)
 p - a wand of mindburst (20)
Scrolls
 g - a scroll of magic mapping {unknown}
 i - 2 scrolls of identify
 j - 2 scrolls of teleportation
 m - a scroll of immolation {unknown}
 o - a scroll of blinking {unknown}
 q - a scroll of acquirement {unknown}
Potions
 d - a potion of heal wounds
 e - 4 potions of lignification
 f - 2 potions of flight {unknown}
 n - a potion of curing {unknown}


   Skills:
 + Level 5.6 Fighting
 * Level 8.0 Axes
 + Level 2.8 Spellcasting
 + Level 5.1 Fire Magic


You had 9 spell levels left.
You knew the following spells:

 Your Spells              Type           Power      Damage    Failure   Level
a - Scorch                Fire           32%        2d6       4%          2

Your spell library contained the following spells:

 Spells                   Type           Power      Damage    Failure   Level


Dungeon Overview and Level Annotations

Branches:
Dungeon (5/15)
 Temple: D:4-7

Altars:
Okawaru
Ru
Wu Jian
Zin


Message History

You hit the ogre but do no damage.
The ogre is heavily wounded.
The ogre completely misses you.
Your magical contamination has completely faded away.
There is an open door here.
There is a stone staircase leading up here.
You climb upwards.
There is a stone staircase leading down, spattered with blood here.
You start resting.
Magic restored.
HP restored.
You climb downwards.
The ogre hits you but does no damage.
There is a stone staircase leading up here.
Casting: Scorch (safe; 4% risk of failure)
Confirm with . or Enter, or press ? or * to list all spells.
Flames lash the ogre.
The ogre is lightly wounded.
The ogre's fire resistance burns away.
The ogre hits you with a +0 giant club!!
The ogre hits you with a +0 giant club!!
Casting: Scorch (safe; 4% risk of failure)
Confirm with . or Enter, or press ? or * to list all spells.
Flames lash the ogre.
The ogre is burned terribly!
The ogre is heavily wounded.
The ogre closely misses you.
Casting: Scorch (safe; 4% risk of failure)
Confirm with . or Enter, or press ? or * to list all spells.
You miscast Scorch.
You are very lightly contaminated with residual magic.
Nothing appears to happen.
The ogre is no longer more vulnerable to fire.
The ogre hits you with a +0 giant club!
* * * LOW HITPOINT WARNING * * *
Casting: Scorch (safe; 4% risk of failure)
Confirm with . or Enter, or press ? or * to list all spells.
Flames lash the ogre.
The ogre is almost dead.
The ogre's fire resistance burns away.
The ogre hits you with a +0 giant club!!
You die...

######### ##### #.......# #....
#####.#####.#################....
.................................
.................................
..###.#..........###.###.........
..###.#####.##...# #.# #.........
..'...#......#...# #.# #.........
..#####.###..#..@# #.###.........
### #.# #..#.O####.##..........
#######'###..#.....#.##......##.#
.....)...##..#.###.#.##......##..
.........##..#.....#.##...#####..
.........##..#######.##...##.....
.........##.......##.##...##.....
.......<.##.#####.##.##...##.....
.........##.# #.##.............


You could see an ogre (combustible).

Vanquished Creatures
  A black bear (D:3)
  An ogre (D:5)
  A bullfrog (D:3)
  A water moccasin zombie (D:5)
  A hound (D:5)
  An orc priest (D:2)
  A gnoll shaman (D:4)
  3 iguanas
  A scorpion zombie (D:5)
  9 adders
  6 gnolls
  2 worms
  15 orcs
  6 ball pythons
  6 endoplasms
  2 giant cockroaches
  7 goblins
  5 hobgoblins
  3 jackals (D:1)
  3 quokkas
  6 bats
  3 frilled lizards
  7 kobolds
  2 rats
93 creatures vanquished.

Notes
Turn   | Place    | Note
-------+----------+-------------------------------------------
     0 | D:1      | kae the Hill Orc Cinder Acolyte began the quest for the
                  | Orb.
     0 | D:1      | Reached XP level 1. HP: 19/19 MP: 2/2
   268 | D:1      | Found a faded altar of an unknown god.
   275 | D:1      | Reached XP level 2. HP: 27/27 MP: 3/3
   278 | D:1      | Learned a level 2 spell: Scorch
  1243 | D:2      | Reached XP level 3. HP: 25/33 MP: 1/4
  1516 | D:2      | Reached skill level 5 in Axes
  1516 | D:2      | Reached XP level 4. HP: 20/40 MP: 0/6
  2537 | D:3      | Found an ornate altar of the Wu Jian Council.
  2539 | D:3      | Reached XP level 5. HP: 47/47 MP: 4/7
  2843 | D:3      | Noticed an angel
  2844 | D:3      | Found a glowing silver altar of Zin.
  3632 | D:4      | Reached skill level 6 in Axes
  3679 | D:4      | Noticed a black bear
  3700 | D:3      | Reached XP level 6. HP: 21/55 MP: 2/9
  4286 | D:3      | Killed a black bear
  4287 | D:3      | Reached skill level 5 in Fighting
  4636 | D:4      | Reached skill level 7 in Axes
  4795 | D:4      | Found a sacrificial altar of Ru.
  4941 | D:5      | Entered Level 5 of the Dungeon
  4973 | D:5      | Reached XP level 7. HP: 39/61 MP: 1/10
  5688 | D:4      | Reached skill level 5 in Fire Magic
  6294 | D:5      | Found an iron altar of Okawaru.
  6392 | D:5      | Reached skill level 8 in Axes
  6640 | D:5      | Demolished by an ogre

Illustrated notes

Levels and vault maps discovered:
D:1:      dpeg_arrival_arbitrary_a, layout_basic,
          shapermc_ecumenical_altar_mp_highgroup, serial_aquarium,
          aquarium_bridge_square [aquarium_subvault_window,
          aquarium_subvault_bridge, aquarium_subvault_bridge,
          aquarium_subvault_window], aquarium_bridge_square
          [aquarium_subvault_window, aquarium_subvault_bridge,
          aquarium_subvault_wall, aquarium_subvault_bridge], aquarium_window_1,
          aquarium_window_corridor_3, aquarium_window_fake, aquarium_window_1,
          aquarium_view_2e, aquarium_view_2c, aquarium_pool_1
D:2:      cheibrodos_pilgrimage, layout_loops_ring, eino_tiny_chamber,
          corexii_corridor_pit
D:3:      layout_basic, zin_angel, mainiacjoe_overflow_boulevard
D:4:      layout_cave_pools, mainiacjoe_overflow_cross_hatched
D:5:      layout_basic, dancing_weapons_uskayaw, mainiacjoe_overflow_alcove_2,
          minmay_temple_entry_stoned_glass, minmay_misc_feat_rows

Skill      XL: |  1  2  3  4  5  6  7 |
---------------+----------------------+-----
Fighting       | 4 5 |  5.6
Axes           | 5 6 7 8 |  8.0
Fire Magic     | 4 5 |  5.1
Spellcasting   | 2 |  2.8

Action                   |  1- 3 |  4- 6 |  7- 9 || total
-------------------------+-------+-------+-------++-------
Melee: Hand axe          |    56 |    35 |    17 ||   108
 Cast: Scorch            |     9 |    74 |    41 ||   124
  Use: Scroll            |     1 |     3 |       ||     4
       Potion            |     1 |       |       ||     1
Armor: Robe              |    11 |     2 |       ||    13
       Steam dragon scal |       |    41 |    10 ||    51
Dodge: Dodged            |    45 |    72 |    47 ||   164

Table legend: (Time is in decaauts)
 A = Elapsed time spent in this place.
 B = Non-inter-level travel time spent in this place.
 C = Inter-level travel time spent in this place.
 D = Time resting spent in this place.
 E = Time spent auto-exploring this place.
 F = Levels seen in this place.
 G = Mean time per level.
                   A        B        C        D        E       F      G
               +--------+--------+--------+--------+--------+-----+--------+
         Total |   6655 |   6530 |    125 |   1444 |   4150 |   5 | 1331.0 |
       Dungeon |   6655 |   6530 |    125 |   1444 |   4150 |   5 | 1331.0 |
               +--------+--------+--------+--------+--------+-----+--------+

Top non-repeatable levels by time:
     D:3: 1756 daAuts
     D:4: 1496 daAuts
     D:1: 1402 daAuts
     D:2: 1138 daAuts
     D:5: 861 daAuts
